 Dungeon Crawl Stone Soup version 0.29.1-14-g9c671dbff4 (webtiles) character file.

Game seed: 3925658569850388737

86 Thatpatchoflichen the Slasher (level 4, 0/35 HPs)
             Began as a Human Gladiator on Feb 13, 2023.
             Slain by an adder (4 damage)
             ... on level 3 of the Dungeon.
             The game lasted 00:03:06 (2608 turns).

Thatpatchoflichen the Slasher (Human Gladiator)     Turns: 2608, Time: 00:03:06

Health: 0/35       AC:  4    Str: 15    XL:     4   Next: 77%
Magic:  4/4        EV: 13    Int:  8    God:
Gold:   94         SH:  0    Dex: 16    Spells: 3/3 levels left

rFire   . . .      SeeInvis .   a - +0 long sword
rCold   . . .      Faith    .   (no shield)
rNeg    . . .      Spirit   .   b - +0 leather armour
rPois   .          Reflect  .   c - +0 helmet
rElec   .          Harm     .   (no cloak)
rCorr   .          Rampage  .   (no gloves)
Will    .....                   (no boots)
Stlth   +.........              (no amulet)
HPRegen 0.11/turn               (no ring)
MPRegen 0.09/turn               (no ring)

@: lethally poisoned (0 -> -2)
A: no striking features
a: no special abilities


You were on level 3 of the Dungeon.
You visited 1 branch of the dungeon, and saw 3 of its levels.

You collected 94 gold pieces.

Inventory:

Hand Weapons
 a - a +0 long sword (weapon)
Missiles
 d - 3 throwing nets (quivered)
 e - a javelin
 j - 4 poisoned darts
Armour
 b - a +0 leather armour (worn)
 c - a +0 helmet (worn)
Jewellery
 f - a +4 ring of slaying
Scrolls
 g - 4 scrolls of identify {unknown}
 i - 4 scrolls of blinking {unknown}
Potions
 h - a potion of resistance {unknown}


   Skills:
 + Level 3.0 Fighting
 + Level 3.8 Long Blades
 - Level 2.0 Throwing
 + Level 3.8 Dodging


You had 3 spell levels left.
You didn't know any spells.
Your spell library was empty.

Dungeon Overview and Level Annotations

Branches:
Dungeon (3/15)

Altars:
Xom


Message History

The adder attacks as you move away! The adder bites you but does no damage.
The adder attacks as you move away! The adder closely misses you.
The adder misses you. The adder attacks as you move away!
The adder bites you but does no damage. The adder attacks as you move away!
The adder closely misses you.
You hit the adder.
The adder is heavily wounded.
The adder bites you. The adder barely misses you.
You slash the adder!
You kill the adder!
You hit the orc.
The orc is heavily wounded.
The orc hits you with a +0 hand axe. The orc closely misses you.
You barely miss the orc.
The orc is heavily wounded.
The orc hits you with a +0 hand axe.
You hit the orc.
The orc is heavily wounded.
The orc misses you.
You closely miss the orc.
The orc is heavily wounded.
The orc hits you with a +0 hand axe.
You hit the orc.
You kill the orc!
The adder closely misses you.
You closely miss the adder. The adder bites you.
* * * LOW HITPOINT WARNING * * *
You are poisoned.
The adder poisons you!
You barely miss the adder.
You feel sick. The adder bites you.
* * * LOW HITPOINT WARNING * * *
The adder bites you but does no damage.
You hit the adder.
The adder is moderately wounded.
You feel sick. The adder closely misses you.
You barely miss the adder.
The adder is moderately wounded.
* * * LOW HITPOINT WARNING * * *
You feel sick. The adder bites you.
You die...

#.# ....#.#...# #.#
.......S..#### ###.###
.#..#........# .....
........####.#
#######.############g####.#
....................S....>#
................g########.#
################S#<....##†#
#@#####.##.# #.# #.##.# #.#
#.##.# #.# #.##.# #.#
#.##.# #†# #.##.#
#####†#####.##)#
#..............#
#........###.###


You could see an adder and a goblin.

Vanquished Creatures
  3 adders
  A worm (D:2)
  A dart slug (D:1)
  An orc (D:3)
  6 ball pythons
  3 endoplasms
  A giant cockroach (D:1)
  5 goblins
  A hobgoblin (D:2)
  3 quokkas
  7 bats
  7 frilled lizards
  6 kobolds
  8 rats
53 creatures vanquished.

Notes
Turn   | Place    | Note
-------+----------+-------------------------------------------
     0 | D:1      | Thatpatchoflichen the Human Gladiator began the quest for
                  | the Orb.
     0 | D:1      | Reached XP level 1. HP: 16/16 MP: 1/1
   382 | D:1      | Reached XP level 2. HP: 22/22 MP: 2/2
   672 | D:1      | Reached XP level 3. HP: 24/28 MP: 3/3
  1167 | D:1      | Found a faded altar of an unknown god.
  1730 | D:2      | Reached XP level 4. HP: 34/34 MP: 4/4
  2145 | D:2      | Found a shimmering altar of Xom.
  2608 | D:3      | Slain by an adder

Illustrated notes

Levels and vault maps discovered:
D:1:      tarquinn_simple_flora_water_a, layout_basic,
          nicolae_ecumenical_lake_church
D:2:      layout_loops_ring, basic_altar
D:3:      layout_basic, serial_shops, shop

Skill      XL: |  1  2  3  4 |
---------------+-------------+-----
Fighting       | 3 |  3.0
Long Blades    | |  3.8
Throwing       | |  2.0
Dodging        | |  3.8

Action                   |  1- 3 |  4- 6 || total
-------------------------+-------+-------++-------
Melee: Long sword        |    88 |    55 ||   143
       Punch             |     1 |       ||     1
 Stab: Sleeping          |     1 |     1 ||     2
Armor: Leather armour    |    37 |    17 ||    54
Dodge: Dodged            |    97 |    51 ||   148
